 Dungeon Crawl Stone Soup version 0.30.0-2-g1aa4bd4387 (webtiles) character file.

Game seed: 15149664743835950837

91 Peloso the Covered (level 4, -7/40 HPs)
             Began as a Minotaur Fighter on May 7, 2023.
             Mangled by an ogre
             ... wielding a +0 giant spiked club
              (31 damage)
             ... on level 4 of the Dungeon.
             The game lasted 00:04:04 (2023 turns).

Peloso the Covered (Minotaur Fighter)               Turns: 2023, Time: 00:04:04

Health: -7/40      AC: 13    Str: 21    XL:     4   Next: 33%
Magic:  3/3        EV:  6    Int:  5    God:
Gold:   82         SH:  4    Dex: 11    Spells: 3/3 levels left

rFire   . . .        a - +0 long sword
rCold   . . .        d - +0 buckler
rNeg    . . .        k - +0 plate armour
rPois   .            (helmet restricted)
rElec   .            (no cloak)
rCorr   .            c - +0 pair of gloves
SInv    .            (no boots)
Will    .....        (no amulet) Stlth
                     (no ring)
HPRegen 0.26/turn    (no ring)
MPRegen 0.08/turn

%: no passive effects
@: no status effects
A: horns 2, retaliatory headbutt
a: no special abilities


You were on level 4 of the Dungeon.
You visited 1 branch of the dungeon, and saw 4 of its levels.

You collected 82 gold pieces.

Inventory:

Hand Weapons
 a - a +0 long sword (weapon)
Armour
 b - a +0 scale mail
 c - a +0 pair of gloves (worn)
 d - a +0 buckler (worn)
 k - a +0 plate armour (worn)
Scrolls
 f - a scroll of enchant weapon {unknown}
 n - a scroll of silence {unknown}
 p - 2 scrolls of teleportation {unknown}
Potions
 e - a potion of haste
 g - 2 potions of heal wounds
 h - 2 potions of might
 i - a potion of berserk rage
 l - a potion of brilliance
 m - a potion of flight {unknown}
 o - 2 potions of curing {unknown}


   Skills:
 + Level 4.2 Fighting
 + Level 3.9 Long Blades
 + Level 4.7 Armour
 + Level 0.1 Dodging
 + Level 0.1 Stealth
 + Level 3.8 Shields


You had 3 spell levels left.
You didn't know any spells.
Your spell library was empty.

Dungeon Overview and Level Annotations

Branches:
Dungeon (4/15)
 Temple: D:4-7

Altars:
Cheibriados

Annotations:
D:3 1 runed translucent door, Crazy Yiuf


Innate Abilities, Weirdness & Mutations

You have a pair of horns on your head.
You reflexively headbutt those who attack you in melee.


Message History

Anything else - Cancel.
Okay, then.
As you read the scroll of identify, it crumbles to dust.
i - a potion of berserk rage
As you read the scroll of identify, it crumbles to dust.
l - a potion of brilliance Crazy Yiuf waves his quarterstaff at you.
There is a stone staircase leading down here.
There is a stone staircase leading down here.
You climb downwards.
There is a stone staircase leading up here.
Found 2 poisoned darts.
Found a chain mail.
A gnoll comes into view. It is wielding a +0 halberd.
The gnoll shouts!
You hear a shout!
An ogre comes into view. It is wielding a +0 giant spiked club.
A gnoll comes into view. It is wielding a +0 club.
There are monsters nearby!
The gnoll shouts!
The ogre shouts!
There is a stone staircase leading up here.
You climb upwards.
Level annotation: 1 runed translucent door, Crazy Yiuf
There is a stone staircase leading down here.
You climb downwards.
The gnoll hits you with a +0 club.
There is a stone staircase leading up here.
You slash the gnoll!
The gnoll is heavily wounded.
The gnoll hits you but does no damage.
You slash the gnoll!
You kill the gnoll!
The gnoll hits you from afar with a +0 halberd.
The gnoll barely misses you. The gnoll hits you but does no damage.
There is a stone staircase leading up, spattered with blood here.
You slash the ogre!
The ogre is moderately wounded.
The gnoll hits you from afar with a +0 halberd!
The ogre hits you with a +0 giant spiked club!!
Ouch! That really hurt!
You die...

#.### #.#
#...# #.#
#### ###g#
#.# ....
##.###.#
#..###...##.#
#......#....#
##.###.g.####
# ##O########
#@........
##########


You could see an ogre and a gnoll.

Vanquished Creatures
  A gnoll (D:4)
  An adder (D:2)
  3 worms
  2 dart slugs
  5 endoplasms
  4 giant cockroaches
  5 goblins
  8 hobgoblins
  10 jackals
  A quokka (D:2)
  2 ball pythons
  2 bats
  3 frilled lizards
  4 kobolds
  2 rats (D:3)
53 creatures vanquished.

Vanquished Creatures (others)
  4 fungi (D:3)
4 creatures vanquished.

Grand Total: 57 creatures vanquished

Notes
Turn   | Place    | Note
-------+----------+-------------------------------------------
     0 | D:1      | Peloso the Minotaur Fighter began the quest for the Orb.
     0 | D:1      | Reached XP level 1. HP: 19/19 MP: 0/0
    26 | D:1      | Reached XP level 2. HP: 9/27 MP: 1/1
   329 | D:1      | Reached XP level 3. HP: 29/33 MP: 2/2
   875 | D:2      | Reached XP level 4. HP: 40/40 MP: 3/3
  1436 | D:3      | Found a runed translucent door.
  1437 | D:3      | Noticed Crazy Yiuf
  1667 | D:3      | Found a snail-covered altar of Cheibriados.
  1996 | D:4      | Noticed an ogre
  2023 | D:4      | Mangled by an ogre

Illustrated notes

Levels and vault maps discovered:
D:1:      ebering_trefoil_3fold, layout_basic
D:2:      layout_loops_ring
D:3:      layout_basic, cheibrodos_worm_habitat, bh_walls_and_bars,
          uniq_crazy_yiuf_cottage
D:4:      layout_loops_ring, old_standard_altar, minmay_temple_entry_wispy,
          lightli_corner_chamber

Skill      XL: |  1  2 |
---------------+-------+-----
Armour         | 4 |  4.7
Long Blades    | 3 |  3.9
Fighting       | 4 |  4.2
Dodging        | |  0.1
Stealth        | |  0.1
Shields        | |  3.8

Action                     |  1- 3 |  4- 6 || total
---------------------------+-------+-------++-------
  Melee: Long sword        |    81 |    25 ||   106
         Headbutt          |     9 |     4 ||    13
    Use: Scroll            |     1 |     5 ||     6
 Armour: Scale mail        |    40 |       ||    40
         Plate armour      |       |    14 ||    14
  Dodge: Dodged            |    39 |     2 ||    41
  Block: Buckler           |    16 |     2 ||    18
